 Dungeon Crawl Stone Soup version 0.32-a0-558-g233958a4c4 (webtiles) character file.

Game seed: 4862927715877409862

6 senseless the Trooper (level 1, -3/18 HPs)
             Began as a Coglin Fighter on Mar 1, 2024.
             Slain by a quokka (4 damage)
             ... on level 1 of the Dungeon.
             The game lasted 00:00:18 (72 turns).

senseless the Trooper (Coglin Fighter)                Turns: 72, Time: 00:00:19

Health: -3/18      AC:  6    Str: 16    XL:     1   Next: 90%
Magic:  1/1        EV:  8    Int:  7    God:
Gold:   9          SH:  4    Dex: 13    Spells: 0/0 levels left

rFire   . . .        a - +0 war axe {Xiang}
rCold   . . .        c - +0 buckler
rNeg    . . .        b - +0 scale mail
rPois   .            (no helmet)
rElec   .            (no cloak)
rCorr   .            (no gloves)
SInv    .            (no boots)
Will    .....        (amulet unavailable) Stlth
                     (ring unavailable)
HPRegen 0.23/turn    (ring unavailable)
MPRegen 0.07/turn    (no gizmo)

%: no passive effects
@: revved
A: off-hand wielding, slow wielding, warmup strikes, no jewelry
a: Invent Gizmo


You were on level 1 of the Dungeon.
You visited 1 branch of the dungeon, and saw 1 of its levels.

You collected 9 gold pieces.

Inventory:

Hand Weapons
 a - a +0 war axe (weapon) {Xiang}
Armour
 b - a +0 scale mail (worn)
 c - a +0 buckler (worn)
Potions
 d - a potion of might


   Skills:
 + Level 3.1 Fighting
 + Level 2.2 Axes
 + Level 2.8 Armour
 - Level 2.1 Shields


You couldn't memorise any spells.
You didn't know any spells.
Your spell library was empty.

Dungeon Overview and Level Annotations

Branches:
Dungeon (1/15)

Altars:

Shops:
D:1 !


Innate Abilities, Weirdness & Mutations

You can wield a second weapon in your off-hand.
It takes a long time for you to wield or remove held weapons.
Your first few attacks do less damage.
You cannot equip rings or amulets.


Message History

The quokka bites you. The hobgoblin hits you.
The quokka bites you but does no damage.
You barely miss the quokka. You closely miss the hobgoblin.
You barely miss the frilled lizard.
The frilled lizard bites you but does no damage.
The hobgoblin hits you but does no damage.
A goblin comes into view. It is wielding a +0 club.
The quokka bites you.
You miss the quokka.
The goblin shouts!
You hit the frilled lizard.
You kill the frilled lizard!
You hit the hobgoblin but do no damage. The quokka bites you.
The hobgoblin hits you but does no damage.
The quokka bites you but does no damage.
You block the hobgoblin's attack.
You are too injured to fight recklessly!
You completely miss the hobgoblin. You barely miss the quokka.
The quokka barely misses you. The hobgoblin closely misses you.
The quokka barely misses you.
You barely miss the hobgoblin. You closely miss the quokka.
You hit the hobgoblin. The hobgoblin hits you.
* * * LOW HITPOINT WARNING * * *
The hobgoblin hits you.
* * * LOW HITPOINT WARNING * * *
The quokka barely misses you. The hobgoblin closely misses you.
The hobgoblin hits you.
* * * LOW HITPOINT WARNING * * *
You hit the hobgoblin.
The hobgoblin is heavily wounded.
You miss the quokka. You hit the hobgoblin but do no damage.
The quokka closely misses you. The quokka barely misses you.
The hobgoblin hits you.
* * * LOW HITPOINT WARNING * * *
You block the hobgoblin's attack.
You hit the hobgoblin.
The hobgoblin is almost dead.
You barely miss the quokka. You hit the hobgoblin but do no damage.
The quokka bites you.
You die...

.. ...
#......### # #..
..#.###....#
#..##.#........#
#.....######.###
#.............#
####.....###..#
#........#.#..#
#.#...g†...#..#
#...@....#..#
#..rg.##.#..#
#....g......#
........###...
...#.#.##.. ..#
....##. ##. .. .
.. #. .. .. #.
..


You could see a quokka, 2 hobgoblins and a goblin.

Vanquished Creatures
  A giant cockroach (D:1)
  A quokka (D:1)
  A frilled lizard (D:1)
  A goblin (D:1)
  2 kobolds (D:1)
6 creatures vanquished.

Notes
Turn   | Place    | Note
-------+----------+-------------------------------------------
     0 | D:1      | senseless the Coglin Fighter began the quest for the Orb.
     0 | D:1      | Reached XP level 1. HP: 18/18 MP: 1/1
    12 | D:1      | Found Semiotin's Distillery.
    72 | D:1      | Slain by a quokka

Illustrated notes

Levels and vault maps discovered:
D:1:      dpeg_arrival_tiny_i, layout_basic, serial_shops, shop, minmay_tripent

Action                     || total
---------------------------++-------
  Melee: War axe           ||    11
 Armour: Scale mail        ||    20
  Dodge: Dodged            ||     8
  Block: Buckler           ||     4

Table legend: (Time is in decaauts)
 A = Elapsed time spent in this place.
 B = Non-inter-level travel time spent in this place.
 C = Inter-level travel time spent in this place.
 D = Time resting spent in this place.
 E = Time spent auto-exploring this place.
 F = Levels seen in this place.
 G = Mean time per level.
                   A        B        C        D        E       F      G
               +--------+--------+--------+--------+--------+-----+--------+
         Total |     76 |     76 |      0 |      0 |     49 |   1 |   76.0 |
       Dungeon |     76 |     76 |      0 |      0 |     49 |   1 |   76.0 |
               +--------+--------+--------+--------+--------+-----+--------+

Top non-repeatable levels by time:
     D:1: 76 daAuts
